Map: Frostline LE

Players

BabyMarine

  • Race: Terran Terran
  • Spawn Location: 1:00

Harstem - Winner!

  • Race: Protoss Protoss
  • League: Grandmaster
  • Spawn Location: 7:00

Event: HomeStory Cup XXVI

VOD

Have the link to the VOD?

Description

Time

  • Played on: Nov. 30, 2024, 3:21 p.m.
  • Length: 11:48

All games in this series

Show
View Real Time Build Order
Export as new Build Order

BabyMarine Terran 

Build Orders: Banshee Rush 

Get SALT Encoding   

  12  0:00  SCV  
  13  0:12  SCV  
  14  0:17  Supply Depot  
  14  0:24  SCV  
  15  0:39  SCV  
  15  0:40  Barracks  
  16  0:44  Refinery  
  16  0:51  SCV  
  16  0:52  Refinery  
  17  1:03  SCV  
  18  1:15  SCV  
  19  1:27  Orbital Command, Reaper  
  19  1:30  Supply Depot  
  20  1:41  Factory  
  20  1:53  SCV  
  21  1:59  Barracks Reactor  
  21  2:05  SCV  
  22  2:17  Command Center  
  22  2:19  SCV  
  23  2:25  Hellion  
  25  2:31  SCV  
  25  2:35  Reaper x2  
  28  2:43  Supply Depot, SCV  
  29  2:47  Hellion  
  31  2:55  Starport  
  31  3:04  SCV  
  32  3:07  Marine x2  
  32  3:11  Factory Tech Lab  
  34  3:16  SCV  
  35  3:25  Marine x2  
  37  3:28  Orbital Command  
  37  3:33  SCV  
  36  3:43  Marine x2  
  36  3:45  SCV  
  36  3:48  Supply Depot  
  37  3:50  Banshee  
  37  3:51  Factory Tech Lab  
  37  3:52  Cloaking Field  
  37  3:54  SCV  
  41  3:57  SCV  
  41  4:00  Marine  
  41  4:01  Marine  
  43  4:08  SCV  
  43  4:09  SCV  
  44  4:10  Siege Tank  
  44  4:16  Supply Depot  
  47  4:18  Marine  
  47  4:19  Marine  
  47  4:20  SCV  
  50  4:25  SCV  
  51  4:32  SCV  
  51  4:33  Barracks  
  51  4:37  SCV  
  51  4:38  Marine x2  
  54  4:44  SCV  
  55  4:49  SCV  
  55  4:52  Banshee  
  57  4:55  Supply Depot  
  57  4:56  Barracks  
  57  4:58  SCV  
  57  4:59  Supply Depot  
  58  5:03  Siege Tank  
  58  5:04  Marine  
  62  5:11  Marine  
  62  5:14  SCV x2  
  62  5:16  Refinery  
  62  5:17  Engineering Bay  
  64  5:25  Bunker  
  64  5:27  SCV x2  
  66  5:29  Marine  
  66  5:30  Marine  
  68  5:39  SCV x2  
  70  5:44  Starport Reactor  
  70  5:45  Stimpack  
  70  5:46  Marauder  
  67  5:51  SCV  
  67  5:54  Factory Reactor  
  67  5:55  Combat Shield  
  67  5:56  Marine x2  
  70  5:57  Supply Depot, SCV  
  70  6:03  SCV  
  71  6:06  Marauder  
  71  6:10  SCV  
  73  6:15  SCV  
  73  6:17  Marine, Marauder  
  73  6:18  Marine  
  76  6:22  SCV  
  74  6:27  SCV, Marauder  
  77  6:34  SCV  
  77  6:36  Refinery  
  77  6:38  Marauder  
  77  6:39  SCV  
  81  6:43  Widow Mine x2  
  81  6:46  Command Center  
  85  6:50  Medivac  
  87  6:54  Supply Depot  
  87  6:55  Marine  
  87  6:56  Supply Depot  
  87  6:58  SCV x2  
  87  7:00  Marauder  
  92  7:07  Widow Mine x2  
  90  7:14  Terran Infantry Weapons Level 1  
  90  7:16  Marine x2  
  90  7:17  Marauder  
  94  7:31  Marauder  
  94  7:32  Barracks  
  94  7:33  Marine, Missile Turret, Barracks  
  94  7:35  Supply Depot, Widow Mine  
  94  7:37  Concussive Shells  
  99  7:38  Marauder  
  99  7:40  Widow Mine  
  99  7:42  SCV  
  99  7:43  Medivac  
  106  7:47  Marine  
  107  7:52  Supply Depot  
  107  7:56  Medivac  
  108  7:59  Marauder  
  108  8:00  Marauder  
  108  8:02  SCV  
  108  8:04  Marine  
  108  8:05  Marine  
  111  8:08  Widow Mine  
  111  8:09  Widow Mine  
  115  8:14  SCV  
  116  8:21  Marauder x2, Barracks Reactor  
  120  8:30  Widow Mine x2  
  120  8:31  SCV  
  120  8:33  Marine x2  
  117  8:39  Orbital Command  
  117  8:40  SCV  
  118  8:42  Marauder x2  
  118  8:43  SCV  
  118  8:45  Ghost Academy  
  118  8:48  Barracks Tech Lab  
  122  8:52  SCV, Marine, Widow Mine  
  122  8:53  Widow Mine  
  122  8:56  SCV  
  122  8:59  Marine  
  99  9:04  Marine x2, Marauder x2  
  99  9:05  SCV x2  
  107  9:11  Medivac x2  
  111  9:18  SCV x2  
  111  9:19  Marine  
  111  9:20  Supply Depot, Marine  
  111  9:21  Ghost  
  118  9:24  Marine x2  
  118  9:25  Marauder  
  122  9:36  SCV x2  
  124  9:39  Bunker  
  124  9:42  Terran Infantry Armor Level 1  
  124  9:44  SCV, Refinery, Command Center  
  124  9:45  Supply Depot  
  125  9:46  Ghost, Missile Turret  
  125  9:48  Marine  
  129  9:58  Ghost  
  129  9:59  Marine x2  
  134  10:00  Marine  
  134  10:02  Missile Turret  
  135  10:11  Viking  
  136  10:18  Barracks x3  
  136  10:22  Marine x3  
  136  10:23  Marauder  
  136  10:28  Starport  
  142  10:30  SCV x2  
  142  10:34  Bunker  
  142  10:35  Supply Depot  
  144  10:36  Marauder  
  144  10:37  Viking  
  144  10:45  Viking  
  144  10:49  SCV x2  
  140  11:05  Orbital Command  
  140  11:07  Viking  
  126  11:15  Viking  
  126  11:16  Marine x2  
  126  11:17  Marauder x2  
  121  11:19  SCV  
  121  11:20  SCV  
  123  11:25  Barracks Tech Lab x3  
Show
View Real Time Build Order
Export as new Build Order

Harstem Protoss - Winner!

Build Orders: 1 Gate Expand, Blink Stalkers 

Get SALT Encoding   

  12  0:00  Probe  
  13  0:12  Probe  
  14  0:17  Pylon  
  14  0:23  Probe  
  15  0:32  Probe  
  15  0:35  Gateway  
  15  0:40  Probe  
  16  0:45  Assimilator  
  17  0:50  Probe  
  18  1:03  Probe  
  19  1:17  Nexus  
  19  1:27  Cybernetics Core  
  19  1:30  Probe  
  20  1:37  Assimilator  
  20  1:42  Probe  
  20  1:46  Pylon  
  21  1:54  Adept, Probe  
  22  2:05  Warp Gate  
  22  2:06  Probe  
  25  2:15  Adept  
  25  2:18  Probe  
  25  2:20  Twilight Council  
  28  2:30  Probe x2  
  30  2:42  Probe  
  30  2:43  Stalker, Probe  
  32  2:44  Blink  
  34  2:54  Gateway  
  34  2:56  Probe  
  34  2:57  Probe  
  36  3:08  Probe  
  36  3:09  Probe  
  38  3:15  Shield Battery  
  38  3:20  Probe  
  38  3:23  Probe  
  38  3:24  Robotics Facility  
  40  3:32  Probe  
  40  3:40  Probe  
  35  3:44  Probe  
  36  3:48  Probe  
  36  3:52  Gateway  
  36  3:54  Stalker  
  36  3:55  Stalker  
  41  3:57  Probe  
  41  4:00  Probe  
  42  4:07  Pylon  
  42  4:09  Probe  
  44  4:11  Observer  
  44  4:12  Probe  
  44  4:16  Assimilator  
  46  4:21  Pylon  
  46  4:26  Stalker  
  46  4:27  Stalker  
  46  4:28  Probe  
  46  4:30  Probe  
  51  4:40  Probe  
  51  4:42  Probe  
  52  4:52  Observer  
  51  4:53  Probe  
  51  4:54  Probe  
  51  4:55  Stalker x3  
  51  4:59  Pylon  
  59  5:05  Probe  
  61  5:13  Nexus  
  60  5:17  Observer, Probe  
  60  5:19  Probe  
  62  5:22  Observer  
  61  5:29  Probe  
  61  5:30  Charge  
  61  5:31  Probe  
  64  5:41  Probe  
  65  5:44  Probe  
  65  5:46  Forge  
  66  5:53  Probe  
  66  5:56  Probe  
  68  6:00  Sentry  
  68  6:03  Pylon  
  70  6:08  Probe x2  
  70  6:09  Pylon  
  70  6:16  Protoss Ground Weapons Level 1  
  70  6:20  Pylon  
  70  6:21  Probe x2  
  70  6:22  Immortal  
  72  6:31  Stalker  
  72  6:32  Stalker x2  
  76  6:33  Probe x2  
  76  6:37  Probe  
  77  6:40  Shield Battery  
  77  6:45  Probe x2  
  78  6:49  Probe  
  78  6:51  Observer  
  77  6:57  Probe x2  
  77  6:58  Stalker x3  
  77  7:01  Robotics Bay, Probe, Immortal  
  85  7:03  Gateway  
  85  7:05  Gateway  
  85  7:09  Probe  
  91  7:16  Observer  
  91  7:19  Gateway  
  91  7:21  Gateway  
  91  7:22  Zealot x2  
  95  7:23  Sentry, Observer  
  96  7:30  Gateway  
  96  7:33  Gateway, Probe  
  96  7:36  Probe  
  98  7:38  Pylon  
  98  7:41  Colossus  
  98  7:43  Zealot, Sentry  
  102  7:46  Pylon  
  102  7:49  Zealot  
  104  7:58  Observer  
  110  8:03  Zealot x3  
  104  8:06  Pylon  
  104  8:07  Assimilator  
  104  8:08  Zealot  
  104  8:10  Pylon  
  104  8:12  Zealot  
  108  8:17  Zealot x2  
  112  8:27  Zealot x5  
  118  8:34  Zealot x2  
  118  8:39  Stalker x2  
  122  8:47  Zealot  
  122  8:48  Zealot x4  
  132  8:55  Observer, Colossus  
  124  8:59  Observer  
  118  9:02  Stalker x2  
  118  9:03  Stalker x2  
  132  9:10  Extended Thermal Lance  
  132  9:14  Stalker x2  
  136  9:17  Observer  
  136  9:18  Pylon  
  136  9:23  Protoss Ground Armor Level 1  
  136  9:34  Nexus  
  136  9:35  Observer  
  136  9:36  Zealot x4  
  144  9:40  Pylon  
  144  9:47  Probe  
  144  9:49  Pylon  
  144  9:51  Colossus  
  144  9:52  Observer, Pylon  
  145  9:56  Probe  
  145  9:57  Pylon  
  152  10:02  Probe  
  152  10:03  Probe  
  152  10:05  Stalker  
  156  10:07  Pylon  
  156  10:15  Zealot  
  158  10:21  Stalker, Zealot x3  
  164  10:34  Probe  
  163  10:36  Forge  
  163  10:41  Disruptor  
  167  10:56  Probe  
  160  10:57  Stalker x4, Zealot x5  
  144  11:12  Disruptor  
  144  11:17  Probe  
  149  11:31  Stalker x7, Zealot x2  
Tags
 
Add a new tag
Caveats
  • Supply blocks, unpowered buildings, or Contaminate may cause inaccurate times.
  • Supply counts are checked every 10 seconds.